 Dungeon Crawl Stone Soup version 0.17-a0-1880-gacf7e67 (webtiles) character file.

1093 sponge the Basher (level 8, -11/78 HPs)
             Began as an Ogre Berserker on Sept 22, 2015.
             Was an Elder of Trog.
             Killed from afar by a wretched star (28 damage)
             ... with an orb of energy
             ... on level 1 of the Abyss.
             The game lasted 00:46:29 (6124 turns).

sponge the Basher (Ogre Berserker)                  Turns: 6124, Time: 00:46:29

Health: -11/78     AC:  7    Str: 20 (23) XL:     8   Next: 31%
Magic:  7/7        EV: 10    Int:  4      God:    Trog [****..]
Gold:   69         SH:  0    Dex:  9      Spells: 0 memorised, 7 levels left

rFire  . . .     SeeInvis .     a - +0 mace
rCold  + . .     Clarity  .     v - +2 robe {rC+}
rNeg   . . .     SustAt   .     (no shield)
rPois  .         Gourm    .     (helmet restricted)
rElec  .         Spirit   .     B - +2 cloak
rCorr  .         Warding  .     (gloves unavailable)
rMut   .         Rnd*Tele +     (boots unavailable)
MR     ++...                    q - amulet of faith
Stlth  +.........               (no ring)
                                (no ring)

@: lethally poisoned (-11 -> -11), very slightly contaminated, regenerating,
very resistant to hostile enchantments, very unstealthy
A: unfitting armour, clumsy 1, deformed body, dopey 1, frail 1, low mp 1, slow
healing 1, teleportitis 1, tough skin 1, no device heal 1, subdued magic 1
a: Burn Spellbooks, Berserk, Trog's Hand, Brothers in Arms, Renounce Religion


You were on level 1 of the Abyss.
You worshipped Trog.
Trog was greatly pleased with you.
You were not hungry.

You visited 1 branch of the dungeon, and saw 5 of its levels.
You visited the Abyss 1 time.

You collected 353 gold pieces.
You spent 284 gold pieces at shops.

Inventory:

Hand weapons
 a - a +0 mace (weapon)
 l - a +0 club
 p - a +0 whip
 r - a +0 flail
 y - a +0 giant spiked club
Missiles
 f - 66 poisoned needles
 i - 95 stones (quivered)
Armour
 b - a +0 animal skin
 v - a +2 robe of cold resistance (worn)
 B - a +2 cloak (worn)
Jewellery
 q - an amulet of faith (around neck)
Magical devices
 s - a wand of flame (16)
Scrolls
 m - 2 scrolls of identify
 o - 4 scrolls of remove curse
 u - a scroll of random uselessness
 E - a scroll of enchant armour
Potions
 d - a potion of magic
 e - 2 potions of resistance
 g - 2 potions of flight
Miscellaneous
 D - a box of beasts {used: 1}
Comestibles
 c - 2 bread rations
 h - 2 beef jerkies
 j - a meat ration
 k - 8 fruits


   Skills:
 - Level 7.2 Fighting
 + Level 9.3 Maces & Flails
 + Level 5.5 Throwing
 - Level 2.6 Dodging


You had 7 spell levels left.
You didn't know any spells.

Dungeon Overview and Level Annotations

Branches:
Dungeon (5/15)
 Temple: D:4-7

Altars:
Kikubaaqudgha
The Shining One

Shops:
D:4 **

Annotations:
D:4 exclusion: door


Innate Abilities, Weirdness & Mutations

You are too large for most types of armour.
You have tough skin (AC +1).
[You are clumsy. (Dex -2)]
[Armour fits poorly on your strangely shaped body.]
[You are dopey. (Int -2)]
[You are frail (-10% HP).]
[Your magical capacity is low (-10% MP).]
[You heal slowly when monsters are visible.]
[You are occasionally teleported to nearby monsters.]
[Potions and wands are less effective at restoring your health.]
[Your spells are a little easier to cast, but a little less powerful.]


Message History

Okay, then.
You hit the wretched star but do no damage.
Your ogre hits the wretched star but does no damage.
The wretched star pulses with an eldritch light!
Your body twists and deforms.
Your natural healing is weakened.
Your ogre twists and deforms.
You sock the wretched star!
The wretched star is lightly damaged.
You feel sick.
Your ogre completely misses the wretched star.
The wretched star glows turbulently.
The orb of energy hits you!
* * * LOW HITPOINT WARNING * * *
The orb of energy explodes!
The mystic blast hits your ogre.
You hit the wretched star.
The wretched star is lightly damaged.
Your ogre closely misses the wretched star.
The wretched star glows turbulently.
The orb of energy hits you!
You die...

#. ..
.. #
..# .
## #..
.... .
.. . .
. . .#
#.# . .
#...###
...
#..##.#
.
#..x*@#
#
#..##O#
# . ##
.### .
. . #
##. #
##. # #
... .
#### .
# # #
###*# #
# # # .


You could see a wretched star, a small abomination and a friendly ogre
(berserk).

Vanquished Creatures
  A sky beast (D:5)
  2 ogres (D:4)
  A phantom (D:5)
  An ice beast (D:5)
  2 crimson imps
  A centaur skeleton (D:4)
  A giant frog skeleton (D:5)
  A hound (D:4)
  3 orc wizards
  A hound skeleton (D:4)
  6 adders
  8 gnolls
  2 oozes
  2 adder skeletons (D:4)
  6 worms
  4 giant geckos
  23 orcs
  5 bats
  2 giant cockroaches
  9 goblins
  4 hobgoblins
  17 jackals
  6 kobolds
  3 ball pythons
  A giant gecko skeleton (D:4)
  8 giant newts
  6 quokkas
  A quokka skeleton (D:4)
  12 rats
139 creatures vanquished.

Vanquished Creatures (collateral kills)
  A hellwing (Abyss:1)
1 creature vanquished.

Vanquished Creatures (others)
  A human (D:2)
  2 starspawn tentacles (Abyss:1)
  27 starspawn tentacle segments (Abyss:1)
30 creatures vanquished.

Grand Total: 170 creatures vanquished

Notes
Turn   | Place    | Note
--------------------------------------------------------------
     0 | D:1      | sponge the Ogre Berserker began the quest for the Orb.
     0 | D:1      | Reached XP level 1. HP: 24/24 MP: 1/1
   202 | D:1      | Reached XP level 2. HP: 32/32 MP: 2/2
   230 | D:1      | Reached skill level 5 in Maces & Flails
   395 | D:2      | Acquired Trog's second power
   412 | D:2      | Reached XP level 3. HP: 31/39 MP: 3/3
   867 | D:2      | Reached skill level 6 in Maces & Flails
   978 | D:2      | Reached XP level 4. HP: 44/48 MP: 4/4
  1214 | D:2      | Found an ancient bone altar of Kikubaaqudgha.
  1305 | D:2      | Noticed a human
  1306 | D:2      | Killed a human
  1878 | D:3      | Found a glowing golden altar of the Shining One.
  1977 | D:2      | Reached skill level 5 in Fighting
  1977 | D:2      | Reached XP level 5. HP: 31/57 MP: 5/5
  3041 | D:3      | Reached XP level 6. HP: 68/68 MP: 6/6
  3236 | D:4      | Reached skill level 7 in Fighting
  3336 | D:4      | Found Wualomp's General Store.
  3338 | D:4      | Bought a +1 robe of cold resistance for 127 gold pieces
  3452 | D:4      | Reached skill level 1 in Throwing
  3661 | D:4      | Noticed a wyvern
  4158 | D:4      | Acquired Trog's third power
  4212 | D:4      | Reached XP level 7. HP: 78/78 MP: 7/7
  4801 | D:4      | Reached skill level 8 in Maces & Flails
  4915 | D:4      | Bought a scroll of enchant armour for 75 gold pieces
  4933 | D:4      | Found Rostrit's General Store.
  4938 | D:4      | Bought a scroll of enchant armour for 82 gold pieces
  5060 | D:5      | Entered Level 5 of the Dungeon
  5639 | D:5      | Reached XP level 8. HP: 78/87 MP: 8/8
  5786 | D:5      | Reached skill level 9 in Maces & Flails
  5786 | D:5      | Reached skill level 5 in Throwing
  5845 | D:5      | Cast into the Abyss (orc priest)
  5845 | Abyss:1  | Found a corrupted altar of Lugonu.
  5907 | Abyss:1  | Noticed a large abomination
  5914 | Abyss:1  | Noticed a bone dragon
  5918 | Abyss:1  | Noticed a small abomination
  5933 | Abyss:1  | Noticed a tentacled starspawn
  5956 | Abyss:1  | Noticed a purple very ugly thing
  6032 | Abyss:1  | Noticed a wretched star
  6048 | Abyss:1  | Noticed a rust devil
  6109 | Abyss:1  | Noticed a hellwing
  6121 | Abyss:1  | Killed a hellwing
  6124 | Abyss:1  | Killed from afar by a wretched star

Vault maps used:
D:1:      minmay_arrival_arboretum_large
D:2:      serial_corexii_hall, corexii_hall_statues_deadend,
          corexii_hall_statues_l, corexii_hall_statues_x, tgw_kikubaaqudgha
D:3:      grunt_decor_fettered, nicolae_tso_swordbearing_angel
D:4:      wad_river_or_something, serial_shops, shop, kennysheep_little_box,
          first_bread, minmay_divided_ellipse
D:5:      gammafunk_temple_overflow_pools, minmay_temple_entry_enclosed_plants
Abyss:1:  evilmike_abyss_exit_9

Action                   |  1- 3 |  4- 6 |  7- 9 || total
-------------------------+-------+-------+-------++-------
Melee: Mace              |    55 |       |    32 ||    87
       Club              |    45 |    40 |       ||    85
       Whip              |       |   368 |   219 ||   587
Throw: Stone             |    10 |    17 |    66 ||    93
Invok: Berserk           |     1 |     4 |     1 ||     6
       Trog's Hand       |       |     1 |     3 ||     4
       Brothers in Arms  |       |       |     1 ||     1
Evoke: Box of beasts     |       |       |     1 ||     1
  Use: Scroll            |     3 |     2 |     7 ||    12
       Potion            |       |     2 |     6 ||     8
 Stab: Sleeping          |     1 |     1 |     2 ||     4
  Eat: Fruit             |     2 |       |     2 ||     4
       Chunk             |       |    14 |     6 ||    20
       Meat ration       |       |       |     1 ||     1
